 Dungeon Crawl Stone Soup version 0.27-a0-279-gdfb9265905 (webtiles) character file.

Game seed: 4102212804844374513

2 namelastname112 the Sneak (level 1, 0/19 HPs)
             Began as a Draconian Delver on Feb 7, 2021.
             Slain by a hobgoblin (2 damage)
             ... on level 1 of the Dungeon.
             The game lasted 00:01:49 (269 turns).

namelastname112 the Sneak (Draconian Delver)         Turns: 269, Time: 00:01:49

Health: 0/19       AC:  4    Str: 14    XL:     1   Next: 33%
Magic:  1/1        EV: 12    Int: 10    God:
Gold:   10         SH:  0    Dex: 12    Spells: 0/0 levels left

rFire    . . .     SeeInvis .   a - +0 falchion
rCold    . . .     Faith    .   (no shield)
rNeg     . . .     Spirit   .   (armour unavailable)
rPois    .         Reflect  .   (helmet restricted)
rElec    .         Harm     .   (no cloak)
rCorr    .         Rampage  .   (no gloves)
Will     .....                  (no boots)
Stlth    +++.......             (no amulet)
HPRegen  0.06/turn              (no ring)
MPRegen  0.07/turn              (no ring)

@: no status effects
A: unfitting armour, cold-blooded, AC +4
a: no special abilities


You were on level 1 of the Dungeon.
You visited 1 branch of the dungeon, and saw 5 of its levels.

You collected 10 gold pieces.

Inventory:

Hand Weapons
 a - a +0 falchion (weapon)
Wands
 f - a wand of digging (1)
Scrolls
 b - a scroll of fog
 c - a scroll of magic mapping
 g - a scroll of teleportation {unknown}
 h - a scroll of identify {unknown}


   Skills:
 + Level 3.3 Fighting
 + Level 2.0 Long Blades
 + Level 1.8 Dodging
 + Level 4.5 Stealth


You couldn't memorise any spells.
You didn't know any spells.
Your spell library was empty.

Dungeon Overview and Level Annotations

Branches:
Dungeon (5/15)
 Temple: D:4-7

Altars:

Shops:
D:5 [

Annotations:
D:4 Grinder


Innate Abilities, Weirdness & Mutations

Your plain brown scales are hard. (AC +4)
You cannot fit into any form of body armour.
You are cold-blooded and may be slowed by cold attacks.


Message History

A goblin comes into view! It is wielding a +0 club!
The helpless goblin fails to defend itself!
You cut the goblin into ribbons!
You annihilate the goblin!!!
You see here a pink potion!
d - a pink potion It was a potion of cancellation!
Your magical effects are unravelling!
You feel magically purged!
You feel yourself slow down! The gnoll barely misses you!
You riposte!
You open the gnoll like a pillowcase!
Your tail-slap misses the gnoll!
The gnoll is moderately wounded!
The gnoll barely misses you!
You riposte!
You closely miss the gnoll!
The gnoll is moderately wounded!
The hobgoblin hits you! * * * don't die
* * * You take 2 damage, and have 2/19 hp!
The hobgoblin hits you! rip

#.###########
.$..
#.#####.....#
..#
#....g..###.#
#.# #########
#.########.####
#..$......l...#
####...)######.#
..#.....l.# #.#
#.#....##.###.#
#.#@...##.....#
#..g...########
###g...# #....#
#....#####
#......).#
#........#
####.....#
#######


You could see a gnoll, a hobgoblin and a frilled lizard.

Vanquished Creatures
  A bat (D:2)
  A goblin (D:1)
2 creatures vanquished.

Notes
Turn   | Place    | Note
-------+----------+-------------------------------------------
     0 | D:5      | namelastname112 the Draconian Delver began the quest for
                  | the Orb.
     0 | D:5      | Reached XP level 1. HP: 19/19 MP: 1/1
     3 | D:4      | Noticed Grinder
   102 | D:5      | Found Hohion's Armour Boutique.
   269 | D:1      | Slain by a hobgoblin

Illustrated notes

Levels and vault maps discovered:
D:1:      tarquinn_simple_flora_water_e, layout_basic, minmay_cut_off
D:2:      layout_basic, nzn_wu_jian_contemplation,
          chequers_ecumenical_altar_simple_redux
D:3:      layout_basic, minmay_pentangle
D:4:      layout_basic, gammafunk_temple_overflow_claw, serial_corexii_hall,
          corexii_hall_statues_u, corexii_hall_statues_t, uniq_menkaure,
          uniq_grinder, uniq_edmund
D:5:      layout_rooms, serial_shops, shop

Action                   || total
-------------------------++-------
Melee: Falchion          ||     4
       Tailslap          ||     3
Evoke: Wand              ||     2
  Use: Scroll            ||     2
       Potion            ||     2
 Stab: Sleeping          ||     1
Armor: Skin              ||     3
Dodge: Dodged            ||    13
       Rpst.: Falchion   ||     6

Table legend: (Time is in decaauts)
 A = Elapsed time spent in this place.
 B = Non-inter-level travel time spent in this place.
 C = Inter-level travel time spent in this place.
 D = Time resting spent in this place.
 E = Time spent auto-exploring this place.
 F = Levels seen in this place.
 G = Mean time per level.
                   A        B        C        D        E       F      G
               +--------+--------+--------+--------+--------+-----+--------+
         Total |    258 |    258 |      0 |     15 |     97 |   5 |   51.6 |
       Dungeon |    258 |    258 |      0 |     15 |     97 |   5 |   51.6 |
               +--------+--------+--------+--------+--------+-----+--------+

Top non-repeatable levels by time:
     D:5: 112 daAuts
     D:1: 77 daAuts
     D:2: 38 daAuts
     D:3: 20 daAuts
     D:4: 9 daAuts
